 Dungeon Crawl Stone Soup version 0.30.0-7-g0c4daa9e05 (webtiles) character file.

Game seed: 15782911787559540931

10479 Atelerd the Covert (level 11, -2/63 (67) HPs)
             Began as an Octopode Earth Elementalist on May 13, 2023.
             Was a Priest of Sif Muna.
             Slain by a centaur (6 damage)
             ... on level 11 of the Dungeon.
             The game lasted 00:23:11 (13203 turns).

Atelerd the Covert (Octopode Earth Elementalist)   Turns: 13203, Time: 00:23:12

HP:   -2/63 (67)    AC:  1    Str:  8    XL:     11   Next: 62%
MP:   31/31         EV: 20    Int: 22    God:    Sif Muna [***...]
Gold: 879           SH:  0    Dex: 12    Spells: 15/25 levels left

rFire   . . .        P - +0 short sword (freeze)
rCold   + . .        (no shield)
rNeg    . . .        (helmet restricted)
rPois   .            (no amulet)
rElec   .            e - ring of magical power
rCorr   +            i - +5 ring of evasion
SInv    .            p - ring of resist corrosion
Will    .....        t - ring of protection from cold
Stlth   +++          (no ring)
HPRegen 0.30/turn    (no ring)
MPRegen 0.22/turn    (no ring)
                     (no ring)

%: no passive effects
@: confused, brilliant, lethally poisoned (-2 -> -20), ambrosia-drunk, hasted,
drained, very quick
A: almost no armour, amphibious, 8 rings, camouflage 1, gelatinous body 1,
(nimble swimmer 1), tentacles, tentacle spike 1
a: Renounce Religion, Channel Magic, Forget Spell


You were on level 11 of the Dungeon.
You worshipped Sif Muna.
Sif Muna was most pleased with you.
You visited 2 branches of the dungeon, and saw 12 of its levels.
You also visited: Bailey.

You collected 904 gold pieces.
You spent 25 gold pieces at shops.

Inventory:

Hand Weapons
 b - a +0 short sword
 g - a +1 short sword of venom
 K - a +2 short sword of venom
 P - a +0 short sword of freezing (weapon)
Jewellery
 e - a ring of magical power (left tentacle)
 h - an amulet of guardian spirit
 i - a +5 ring of evasion (right tentacle)
 p - a ring of resist corrosion (on tentacle)
 t - a ring of protection from cold (on tentacle)
Wands
 u - a wand of charming (13)
 A - a wand of flame (13)
 D - a wand of mindburst (22)
 R - a wand of roots (5)
 S - a wand of digging (4)
Scrolls
 c - a scroll of silence {unknown}
 d - 4 scrolls of noise
 f - 2 scrolls of magic mapping
 l - a scroll of vulnerability {unknown}
 m - 2 scrolls of enchant weapon
 s - 4 scrolls of poison
 w - 2 scrolls of amnesia {unknown}
 x - a scroll of fear
 y - a scroll of torment
 F - a scroll of enchant armour {unknown}
 G - a scroll of brand weapon {unknown}
 I - a scroll of blinking {unknown}
 J - 2 scrolls of fog {unknown}
 M - a scroll of acquirement {unknown}
 N - a scroll of immolation {unknown}
 Q - a scroll of identify {unknown}
Potions
 a - 5 potions of magic
 j - 5 potions of curing {unknown}
 k - 2 potions of berserk rage {unknown}
 n - 3 potions of mutation
 o - 3 potions of heal wounds
 q - 2 potions of flight {unknown}
 r - 2 potions of ambrosia
 v - a potion of haste
 z - 3 potions of attraction {unknown}
 B - 3 potions of cancellation {unknown}
 C - 2 potions of brilliance
 E - a potion of lignification {unknown}
 H - 3 potions of invisibility {unknown}
 L - 2 potions of might
Miscellaneous
 O - a lightning rod (1/4)


   Skills:
 - Level 3.0 Fighting
 - Level 3.0 Short Blades
 - Level 6.0 Dodging
 - Level 12.0 Stealth
 - Level 0.5 Unarmed Combat
 + Level 7.9 Spellcasting
 - Level 4.0 Conjurations
 - Level 5.1 Transmutations
 - Level 2.0 Ice Magic
 - Level 4.0 Air Magic
 - Level 8.0 Earth Magic
 - Level 4.0 Invocations


You had 15 spell levels left.
You knew the following spells:

 Your Spells              Type           Power      Damage    Failure   Level
a - Sandblast             Erth           100%       2d20      1%          1
p - Petrify               Tmut/Erth      54%        N/A       4%          4
u - Freezing Cloud        Conj/Ice/Air   17%        6-21      47%         5

Your spell library contained the following spells:

 Spells                   Type           Power      Damage    Failure   Level
 Beastly Appendage        Tmut           94%        N/A       1%          1
 Passwall                 Tmut/Erth      45%        N/A       1%          2
 Wereblood                Tmut           47%        N/A       1%          2
 Stone Arrow              Conj/Erth      100%       3d13      1%          3
 Kiss of Death            Conj/Necr      100%       2d13      3%          1
 Cigotuvi's Dreadful Rot  Necr/Pois/Air  42%        N/A       7%          2
 Summon Small Mammal      Summ           52%        N/A       8%          1
 Spider Form              Tmut/Pois      30%        N/A       8%          3
 Ignite Poison            Fire/Tmut/Pois 24%        N/A       11%         3
 Call Canine Familiar     Summ           13%        N/A       22%         3
 Confusing Touch          Hex            13%        N/A       22%         3
 Summon Guardian Golem    Hex/Summ       13%        N/A       22%         3
 Blade Hands              Tmut           23%        N/A       26%         5
 Dispel Undead            Necr           13%        3d9       58%         4
 Iron Shot                Conj/Erth      25%        9d5       69%         6
 Animate Armour           Summ/Erth      Unusable   N/A       N/A         4

Dungeon Overview and Level Annotations

Branches:
Dungeon (11/15)            Temple (1/1) D:5            Lair (0/5) D:11
 Bailey (visited)
    Orc: D:9-12

Altars:
Ashenzari
Cheibriados
Dithmenos
Elyvilon
Fedhas
Gozag
Hepliaklqana
Kikubaaqudgha
Makhleb
Nemelex Xobeh
Okawaru
Qazlal
Ru
Sif Muna
Trog
Uskayaw
Wu Jian
Xom
Yredelemnul
Zin
The Shining One

Shops:
D:2 *   D:4 *   D:9 (

Annotations:
D:7 2 transporters, Frosty's ghost, novice HuEE
D:9 3 runed translucent doors, exclusion: 2 downstairs
D:11 3 runed translucent doors, exclusion: oklob plant
Temple 2 transporters


Innate Abilities, Weirdness & Mutations

You cannot wear most types of armour.
You are amphibious.
You can wear up to eight rings at the same time.
Your skin changes colour to match your surroundings (Stealth+).
Your rubbery body absorbs attacks. (AC +1, EV +1)
((You are camouflaged when in or above water. (Stealth+)))
You have tentacles for arms and can constrict up to eight enemies at once.
One of your tentacles bears a spike.


Message History

The killer bee poisons you! The killer bee barely misses you.
The killer bee misses you. The killer bee stings you.
You are more poisoned.
The killer bee poisons you!
The killer bee stings you but does no damage.
The centaur unwields a +0 shortbow of draining.
The centaur barely misses you. The centaur kicks you.
You feel much better.
You feel very sick. The killer bee closely misses you.
The killer bee stings you. x2
You are more poisoned.
The killer bee poisons you! The centaur barely misses you.
The centaur kicks you. The killer bee closely misses you.
The killer bee completely misses you. x2; The centaur completely misses you.
The centaur closely misses you.
Unknown command.
It was a potion of ambrosia.
You are confused.
You feel invigorated.
You feel very sick. The killer bee closely misses you.
The killer bee stings you. x2
The killer bee barely misses you. The killer bee misses you. x2
The centaur hits you. The centaur kicks you.
Unknown command.
Unknown command.
It was a potion of haste.
You feel yourself speed up.
You feel very sick. The killer bee completely misses you.
The killer bee barely misses you. The killer bee stings you.
* * * LOW HITPOINT WARNING * * *
The killer bee barely misses you. x2; The centaur closely misses you.
The centaur completely misses you. The killer bee misses you.
The killer bee stings you.
* * * LOW HITPOINT WARNING * * *
You are lethally poisoned!
The killer bee poisons you! The killer bee completely misses you.
The killer bee stings you!
* * * LOW HITPOINT WARNING * * *
The killer bee barely misses you. The centaur hits you.
You die...

#.....# #.# P
#>....# #(.
#.....# #...
#.....# #..#.
#.....# #...##
#.....# ###.
#.)...# .#
#..y..# #y@y..#
#cyy..# #...?.#
........
...........
............
.............
..............
..........?....


You could see a centaur and 5 killer bees.

Vanquished Creatures
  A two-headed ogre (D:9)
  Lodul (D:10)
  A gargoyle (D:10)
  A komodo dragon (D:8)
  3 trolls
  2 hornets
  Grinder (D:5)
  A shadow (D:10)
  10 yaks
  2 wyverns
  A steam dragon (D:9)
  A vampire mosquito (D:11)
  An acid dragon (D:8)
  Duvessa (D:7)
  3 orc warriors
  A black bear (D:6)
  4 ice beasts
  11 ogres
  9 centaurs
  A phantom (D:5)
  5 kobold brigands
  3 bullfrogs
  3 gnoll sergeants
  A water moccasin zombie (D:3)
  7 wights (D:9)
  Dowan (D:7)
  6 killer bees (D:8)
  A howler monkey (D:8)
  2 jellies
  3 hounds
  A gnoll bouda (D:5)
  4 orc priests
  Crazy Yiuf (D:3)
  Jessica (D:3)
  6 iguanas
  8 orc wizards
  3 hound zombies (D:3)
  29 gnolls
  12 adders
  A shadow imp (D:5)
  2 white imps
  An ufetubus (D:6)
  6 adder skeletons (D:3)
  The ghost of shayaa the Sneak, a weakling GrDe (D:5)
  2 dart slugs (D:1)
  54 orcs
  8 endoplasms
  4 giant cockroaches
  7 goblins
  6 hobgoblins
  3 jackals (D:1)
  36 kobolds
  4 quokkas
  9 ball pythons
  A ball python zombie (D:3)
  3 bats
  A frilled lizard (D:3)
  A jackal zombie (D:3)
  A quokka skeleton (D:3)
  5 rats
309 creatures vanquished.

Vanquished Creatures (others)
  An unseen horror (D:11)
1 creature vanquished.

Grand Total: 310 creatures vanquished

Notes
Turn   | Place    | Note
-------+----------+-------------------------------------------
     0 | D:1      | Atelerd the Octopode Earth Elementalist began the quest for
                  | the Orb.
     0 | D:1      | Reached XP level 1. HP: 11/11 MP: 3/3
   152 | D:1      | Reached XP level 2. HP: 3/17 MP: 1/5
   305 | D:1      | Reached skill level 3 in Stealth
   482 | D:1      | Found a faded altar of an unknown god.
   543 | D:1      | Reached XP level 3. HP: 10/21 MP: 6/6
   972 | D:2      | Reached XP level 4. HP: 19/27 MP: 7/7
  1030 | D:2      | Found Oneaqad's Assorted Antiques.
  1036 | D:2      | Bought a scroll labelled LUDAUX MOSAU for 25 gold pieces
  1699 | D:3      | Reached skill level 4 in Stealth
  1702 | D:3      | Reached XP level 5. HP: 31/31 MP: 8/8
  1818 | D:3      | Found a runed translucent door.
  1819 | D:3      | Noticed Crazy Yiuf
  1850 | D:3      | Found an iron altar of Okawaru.
  1851 | D:3      | Found a sacrificial altar of Ru.
  1931 | D:3      | Noticed Jessica
  1935 | D:3      | Killed Jessica
  2557 | D:3      | Reached XP level 6. HP: 36/36 MP: 10/10
  2722 | D:4      | Learned a level 4 spell: Petrify
  2984 | D:4      | Reached skill level 5 in Stealth
  3161 | D:4      | Reached XP level 7. HP: 41/41 MP: 12/12
  3336 | D:4      | Found Gezivo's Gadget Gallery.
  3677 | D:5      | Entered Level 5 of the Dungeon
  3811 | D:5      | You fall into a shaft and drop 1 floor!
  3917 | D:6      | Reached skill level 6 in Stealth
  4059 | D:6      | Reached skill level 5 in Earth Magic
  4059 | D:6      | Reached XP level 8. HP: 39/46 MP: 3/14
  4819 | D:7      | Noticed a hornet
  4820 | D:7      | Reached skill level 7 in Stealth
  4832 | D:7      | Killed a hornet
  4833 | D:7      | Reached skill level 5 in Dodging
  4928 | D:7      | Found a flagged portal.
  4946 | Bailey   | Entered a bailey
  5159 | Bailey   | Reached XP level 9. HP: 42/51 MP: 14/16
  5405 | D:7      | Noticed Duvessa
  5406 | D:7      | Noticed Dowan
  5424 | D:7      | Killed Duvessa
  5425 | D:7      | Reached skill level 5 in Spellcasting
  5467 | D:7      | Killed Dowan
  5468 | D:7      | Reached skill level 8 in Stealth
  5576 | D:7      | Found a transporter.
  5577 | D:7      | Found a transporter.
  5577 | D:7      | Noticed Frosty's ghost (novice HuEE)
  5579 | D:7      | Identified the +4 dire flail "Birhiril" {distort, Str+5
                  | Dex+4}
  5620 | D:7      | Reached skill level 5 in Transmutations
  5991 | D:7      | Reached skill level 1 in Short Blades
  6232 | D:3      | Killed Crazy Yiuf
  6404 | D:5      | Found a staircase to the Ecumenical Temple.
  6415 | D:5      | Reached skill level 1 in Fighting
  6444 | Temple   | Entered the Ecumenical Temple
  6444 | Temple   | Found a transporter.
  6444 | Temple   | Found a transporter.
  6502 | Temple   | Found a transporter.
  6502 | Temple   | Found a transporter.
  6522 | Temple   | Became a worshipper of Sif Muna the Loreminder
  6544 | D:5      | Noticed Grinder
  6682 | D:5      | Killed Grinder
  6941 | D:5      | Found a sparkling altar of Nemelex Xobeh.
  7202 | D:5      | Reached * piety under Sif Muna
  7256 | D:5      | Found a runed translucent door.
  7257 | D:5      | Noticed shayaa's ghost (weakling GrDe)
  7531 | D:5      | Killed shayaa's ghost
  7650 | D:8      | Reached XP level 10. HP: 28/63 MP: 18/18
  7652 | D:8      | Reached skill level 9 in Stealth
  8357 | D:8      | Learned a level 5 spell: Freezing Cloud
  8859 | D:8      | Reached ** piety under Sif Muna
  8860 | D:8      | Reached skill level 1 in Air Magic
  8872 | D:8      | Reached skill level 1 in Conjurations
  8872 | D:8      | Reached skill level 1 in Ice Magic
  9056 | D:8      | Reached skill level 1 in Invocations
  9346 | D:9      | Found Voqeur's Weapon Emporium.
  9376 | D:9      | Paralysed by a hornet for 1 turns
  9378 | D:9      | Paralysed by a hornet for 1 turns
  9787 | D:9      | Found a runed translucent gate.
  9787 | D:9      | Noticed a purple ugly thing
  9788 | D:9      | Found a runed translucent gate.
  9788 | D:9      | Found a runed translucent gate.
  9788 | D:9      | Noticed a brown ugly thing
  9788 | D:9      | Noticed a red ugly thing
  9789 | D:9      | Noticed a glowing orange brain
  9790 | D:9      | Noticed a green ugly thing
  9791 | D:9      | Noticed a white ugly thing
  9880 | D:9      | Noticed a two-headed ogre
  9897 | D:9      | Killed a two-headed ogre
  9898 | D:9      | Reached skill level 10 in Stealth
 10876 | D:9      | Reached XP level 11. HP: 65/66 MP: 20/21
 11260 | D:10     | Entered Level 10 of the Dungeon
 11260 | D:10     | Noticed Lodul
 11642 | D:10     | Reached *** piety under Sif Muna
 11647 | D:10     | Killed Lodul
 11952 | D:10     | Reached skill level 11 in Stealth
 12148 | D:11     | Found a runed translucent gate.
 12148 | D:11     | Found a runed translucent gate.
 12148 | D:11     | Found a runed translucent gate.
 12608 | D:10     | Found a glowing golden altar of the Shining One.
 12609 | D:10     | Found a hazy altar of Hepliaklqana.
 13164 | D:11     | Found a staircase to the Lair.
 13164 | D:11     | Noticed an oklob plant
 13195 | D:11     | Reached skill level 12 in Stealth
 13198 | D:11     | Gained mutation: One of your tentacles bears a spike.
                  | [potion of mutation]
 13203 | D:11     | Slain by a centaur

Illustrated notes

Levels and vault maps discovered:
D:1:      ncdulo_wetmaze, layout_rooms, shapermc_ecumenical_altar_mp_highgroup,
          kennysheep_small_spiral
D:2:      layout_loops_cross, serial_shops, nicolae_shop_tiny_statue_garden,
          chequers_mini_garden
D:3:      layout_loops_ring, jmf_multi_god_temple, serial_undead,
          serial_undead_a, serial_undead_f, serial_undead_d, serial_undead_f,
          serial_undead_e, serial_undead_a, serial_undead_d, serial_undead_a,
          serial_park_tiny_pond, uniq_crazy_yiuf_cottage, uniq_jessica
D:4:      layout_cave_pods, nicolae_shop_gadgets
D:5:      layout_basic, nemelex_spade_bored_becter, minmay_temple_entry_arrows,
          gammafunk_ghost_grave, uniq_grinder
D:6:      layout_layer_cave
D:7:      layout_rooms, gammafunk_ghost_smash, enter_bailey_2,
          kennysheep_generic_room_4, uniq_duvessa
D:8:      layout_basic, hangedman_abyss_or_decor_passed, minmay_small_thing
D:9:      layout_loops_cross, serial_shops, nicolae_shop_pleasant_corner_grove,
          ploomutoo_gammafunk_ghost_potion_laboratory, minmay_crystal_water,
          chequers_arboretum
D:10:     layout_cave_pools, mainiacjoe_overflow_divided_tiny, uniq_lodul
D:11:     layout_cross, dpeg_oklobed_lair, gammafunk_ghost_split
Temple:   hellmonk_temple_divided_pantheon

Skill      XL: |  1  2  3  4  5  6  7  8  9 10 11 |
---------------+----------------------------------+-----
Stealth        | 3 4 5 6 7 8 10 12 | 12.0
Transmutations | 2 3 4 5 |  5.1
Dodging        | 3 4 5 6 |  6.0
Earth Magic    | 4 5 7 8 |  8.0
Spellcasting   | 3 4 5 6 7 |  7.9
Short Blades   | 3 |  3.0
Fighting       | 3 |  3.0
Air Magic      | 2 4 |  4.0
Conjurations   | 2 4 |  4.0
Ice Magic      | 2 |  2.0
Invocations    | 2 4 |  4.0
Unarmed Combat | |  0.5

Action                     |  1- 3 |  4- 6 |  7- 9 | 10-12 || total
---------------------------+-------+-------+-------+-------++-------
  Melee: Unarmed           |     9 |       |       |       ||     9
         Short sword       |    36 |    30 |   133 |    80 ||   279
         Constrict         |    11 |    12 |    27 |    13 ||    63
         Tentacles         |     9 |     5 |    38 |    25 ||    77
         Punch             |       |       |     2 |     2 ||     4
   Cast: Sandblast         |    31 |    92 |   131 |   124 ||   378
         Petrify           |       |     1 |    29 |    51 ||    81
         Freezing Cloud    |       |       |       |     2 ||     2
  Evoke: Wand              |       |       |       |    10 ||    10
         Lightning rod     |       |       |       |     5 ||     5
    Use: Scroll            |       |     1 |     5 |     4 ||    10
         Potion            |       |       |     4 |     9 ||    13
   Stab: Sleeping          |     2 |     4 |    17 |     9 ||    32
         Petrified         |       |     5 |    46 |    41 ||    92
         Petrifying        |       |       |       |     2 ||     2
 Armour: Skin              |     4 |     3 |     3 |     3 ||    13
  Dodge: Dodged            |    51 |    95 |   197 |   200 ||   543
